Map: [ESL] Tropical Sacrifice

Players

Hellraiser - Winner!

  • Race: Protoss Protoss
  • Spawn Location: 1:00

BattleB

  • Race: Terran Terran
  • Spawn Location: 7:00

Event: DreamHack SC2 Masters 2022 Atlanta (Online)

VOD

Have the link to the VOD?

Description

Time

  • Played on: Sept. 29, 2022, 2:30 p.m.
  • Length: 13:39

All games in this series

Show
View Real Time Build Order
Export as new Build Order

Hellraiser Protoss - Winner!

Build Orders: 1 Gate Expand, Colossus Rush 

Get SALT Encoding   

  12  0:00  Probe  
  13  0:12  Probe  
  14  0:17  Pylon  
  14  0:24  Probe (Chrono Boost)  
  15  0:36  Probe (Chrono Boost)  
  15  0:37  Gateway  
  16  0:44  Probe (Chrono Boost)  
  16  0:46  Assimilator  
  17  0:50  Probe  
  18  1:03  Probe  
  19  1:15  Probe  
  20  1:23  Cybernetics Core  
  20  1:34  Nexus  
  20  1:42  Pylon  
  20  1:45  Probe  
  21  1:53  Assimilator  
  21  1:57  Adept (Chrono Boost), Probe (Chrono Boost)  
  24  2:03  Warp Gate  
  24  2:09  Probe (Chrono Boost)  
  25  2:17  Probe (Chrono Boost)  
  25  2:20  Stalker  
  28  2:24  Probe  
  29  2:32  Robotics Facility  
  30  2:37  Probe (Chrono Boost)  
  30  2:47  Probe (Chrono Boost)  
  30  2:50  Adept  
  34  2:54  Probe (Chrono Boost)  
  34  2:56  Probe (Chrono Boost)  
  35  3:00  Gateway  
  35  3:02  Probe  
  35  3:03  Probe  
  37  3:14  Probe  
  37  3:15  Probe  
  40  3:20  Observer  
  40  3:26  Probe, Pylon  
  41  3:27  Probe  
  42  3:38  Probe (Chrono Boost)  
  44  3:42  Probe (Chrono Boost)  
  44  3:45  Observer  
  44  3:47  Robotics Bay  
  45  3:50  Probe (Chrono Boost)  
  45  3:55  Assimilator  
  47  3:56  Probe x2 (Chrono Boost)  
  47  3:59  Assimilator  
  47  4:02  Warp Prism (Chrono Boost), Pylon  
  48  4:03  Probe  
  48  4:04  Probe  
  52  4:12  Pylon  
  52  4:15  Probe  
  53  4:18  Probe  
  54  4:24  Pylon  
  54  4:28  Probe  
  54  4:30  Colossus (Chrono Boost)  
  54  4:31  Adept  
  57  4:32  Probe  
  64  4:42  Stalker  
  66  4:47  Nexus  
  66  4:54  Extended Thermal Lance  
  66  4:55  Forge  
  66  5:00  Forge  
  66  5:03  Probe  
  68  5:11  Pylon  
  68  5:13  Colossus (Chrono Boost)  
  68  5:16  Probe  
  68  5:19  Probe  
  74  5:22  Observer  
  74  5:26  Protoss Ground Armor Level 1 (Chrono Boost)  
  74  5:30  Probe  
  74  5:31  Probe  
  74  5:33  Twilight Council  
  76  5:37  Shield Battery  
  76  5:38  Protoss Ground Weapons Level 1 (Chrono Boost)  
  76  5:42  Probe  
  77  5:43  Photon Cannon  
  77  5:45  Probe  
  77  5:48  Sentry  
  77  5:49  Sentry  
  82  5:54  Probe, Pylon  
  83  5:57  Probe  
  83  5:59  Charge  
  84  6:04  Probe  
  84  6:05  Gateway  
  84  6:07  Gateway, Probe  
  84  6:10  Probe  
  87  6:15  Colossus (Chrono Boost)  
  93  6:20  Probe  
  93  6:21  Probe  
  93  6:22  Probe  
  96  6:29  Gateway  
  96  6:30  Gateway  
  96  6:32  Probe  
  97  6:40  Photon Cannon  
  97  6:45  Gateway  
  97  6:46  Gateway  
  97  6:47  Photon Cannon  
  97  6:50  Observer  
  97  6:53  Gravitic Drive  
  97  6:54  Observer  
  97  6:59  Pylon  
  96  7:02  Observer  
  96  7:05  Zealot x4  
  105  7:12  Nexus  
  105  7:18  Protoss Ground Armor Level 2 (Chrono Boost)  
  105  7:19  Protoss Ground Weapons Level 2 (Chrono Boost)  
  105  7:25  Zealot x3  
  111  7:34  Zealot x3  
  117  7:37  Pylon  
  117  7:43  Zealot  
  117  7:46  Zealot  
  110  7:52  Zealot x3  
  111  7:59  Warp Prism  
  111  8:01  Probe, Blink  
  106  8:07  Probe  
  107  8:13  Probe  
  107  8:14  Probe  
  107  8:15  Nexus  
  107  8:19  Probe  
  110  8:21  Stalker x2  
  110  8:22  Stalker x2  
  110  8:25  Probe  
  110  8:26  Probe  
  120  8:33  Stalker x2  
  125  8:40  Pylon x2  
  124  8:46  Shield Battery  
  124  8:48  Photon Cannon  
  124  8:57  Disruptor  
  127  9:04  Probe  
  127  9:05  Observer  
  127  9:06  Zealot x3  
  127  9:07  Zealot x3  
  140  9:10  Probe  
  140  9:15  Dark Shrine, Pylon x2  
  141  9:23  Protoss Ground Armor Level 3 (Chrono Boost), Pylon  
  141  9:26  Probe  
  141  9:27  Shield Battery  
  141  9:29  Probe  
  143  9:34  Observer, Protoss Ground Weapons Level 3 (Chrono Boost)  
  143  9:38  Stalker x4  
  152  9:42  Probe x2  
  154  9:47  Zealot x4  
  160  9:55  Probe  
  155  10:06  Observer  
  155  10:14  Disruptor (Chrono Boost)  
  155  10:15  Zealot x8  
  174  10:31  Nexus  
  162  10:43  Disruptor  
  162  10:46  Stalker x7  
  162  10:49  Shadow Stride (Chrono Boost)  
  179  10:50  Probe, Assimilator  
  179  10:51  Assimilator  
  179  10:52  Pylon  
  179  10:55  Pylon  
  180  11:10  Probe x2  
  182  11:12  Pylon  
  182  11:13  Pylon  
  182  11:14  Pylon  
  183  11:19  Disruptor (Chrono Boost)  
  183  11:24  Zealot x6  
  191  11:36  Zealot x2  
  179  11:51  Stalker x6  
  181  12:04  Stalker x2  
  177  12:11  Pylon  
  177  12:13  Gateway, Pylon  
  174  12:15  Cybernetics Core  
  174  12:16  Gateway  
  174  12:19  Zealot x3, Gateway  
  174  12:20  Zealot x2  
  163  12:35  Stalker  
  162  12:38  Shield Battery x2  
  162  12:41  Shield Battery  
  162  12:42  Shield Battery  
  162  12:43  Zealot, Stalker x4  
  158  13:14  Pylon  
  158  13:15  Pylon  
  158  13:19  Pylon  
  146  13:23  Pylon  
  146  13:26  Pylon  
  135  13:29  Zealot x5  
Show
View Real Time Build Order
Export as new Build Order

BattleB Terran 

Build Orders:  

Get SALT Encoding   

  12  0:00  SCV  
  13  0:12  SCV  
  14  0:17  Supply Depot  
  14  0:24  SCV  
  15  0:38  SCV  
  15  0:40  Barracks  
  16  0:44  Refinery  
  16  0:50  SCV  
  17  1:02  SCV  
  18  1:14  SCV  
  19  1:26  Marine  
  19  1:27  Orbital Command  
  20  1:42  Command Center  
  20  1:46  Barracks Reactor  
  20  1:54  SCV  
  20  1:58  Supply Depot  
  21  2:06  SCV  
  22  2:11  Factory  
  22  2:18  SCV  
  22  2:21  Refinery  
  23  2:24  Reaper, Marine  
  25  2:30  SCV  
  26  2:41  Marine  
  26  2:43  SCV  
  28  2:54  Orbital Command  
  28  2:55  SCV, Marine  
  28  2:57  Starport  
  30  3:01  Widow Mine  
  30  3:05  Marine  
  32  3:07  SCV  
  34  3:13  Marine  
  34  3:19  Supply Depot, SCV  
  36  3:21  SCV  
  36  3:24  Widow Mine  
  36  3:26  Marine  
  40  3:34  SCV  
  40  3:35  SCV  
  40  3:36  Medivac  
  40  3:37  Marine  
  44  3:45  Marine  
  44  3:47  SCV x2  
  47  3:48  Supply Depot  
  47  3:49  Factory Tech Lab  
  47  3:59  SCV x2  
  49  4:06  Command Center  
  49  4:11  Siege Tank  
  49  4:13  SCV  
  49  4:15  SCV  
  54  4:18  Viking  
  56  4:24  Supply Depot  
  56  4:26  SCV  
  56  4:27  SCV, Marine  
  56  4:28  Marine  
  60  4:35  Bunker  
  60  4:38  SCV  
  60  4:39  SCV  
  62  4:47  Barracks  
  62  4:48  Siege Tank  
  62  4:49  Barracks  
  65  4:53  Starport Tech Lab  
  65  4:54  SCV x2  
  65  4:57  Supply Depot  
  67  5:01  Supply Depot  
  67  5:08  Engineering Bay  
  67  5:10  SCV x2  
  67  5:11  Marine  
  67  5:12  Engineering Bay  
  70  5:18  Marine  
  70  5:20  Orbital Command  
  71  5:22  SCV  
  71  5:25  Refinery  
  71  5:26  Refinery  
  71  5:27  SCV  
  73  5:37  Barracks  
  73  5:39  Terran Infantry Weapons Level 1  
  73  5:41  Barracks  
  73  5:42  SCV, Terran Infantry Armor Level 1  
  74  5:44  SCV  
  74  5:47  Starport Reactor, Factory Reactor  
  74  5:48  SCV  
  76  5:52  Stimpack  
  76  5:55  Combat Shield  
  76  5:58  SCV x2  
  76  6:00  Orbital Command  
  76  6:01  Marine x2  
  76  6:03  Marauder  
  82  6:08  Marauder  
  84  6:12  SCV x2  
  84  6:13  Supply Depot  
  86  6:21  Supply Depot, Marine x2  
  86  6:24  SCV x2  
  90  6:26  Medivac x2  
  90  6:29  SCV  
  90  6:30  Widow Mine  
  90  6:31  Widow Mine  
  99  6:33  Barracks Reactor, Barracks Tech Lab  
  99  6:36  SCV  
  99  6:37  SCV  
  101  6:41  SCV, Marine x2  
  101  6:44  Supply Depot  
  101  6:45  Armory  
  104  6:48  SCV, Marauder  
  104  6:49  SCV  
  104  6:53  Refinery x2, SCV  
  109  6:54  Concussive Shells  
  109  6:56  Marauder x2  
  113  7:03  Marine x2  
  113  7:05  Supply Depot  
  113  7:06  Supply Depot, SCV x2  
  113  7:07  SCV  
  118  7:12  Marine x2  
  118  7:13  Marauder  
  120  7:15  Medivac  
  120  7:16  Widow Mine  
  120  7:17  Marine  
  125  7:23  Medivac, Widow Mine, Marine x2, Marauder  
  125  7:28  Supply Depot  
  133  7:31  Marine  
  133  7:32  Marine  
  133  7:34  Marine  
  133  7:36  Terran Ship Weapons Level 1  
  136  7:40  Marine  
  136  7:41  Marine x2  
  135  7:44  SCV  
  135  7:45  SCV, Marauder  
  135  7:48  SCV  
  135  7:49  Marine  
  135  7:50  Marine  
  139  7:52  Marauder  
  140  7:58  Marine x2  
  140  8:02  Terran Infantry Armor Level 2, Terran Infantry Weapons Level 2  
  142  8:11  Ghost Academy, Marine x2  
  142  8:12  Viking x2  
  148  8:17  Marine  
  148  8:19  Bunker  
  150  8:20  Marauder x3  
  150  8:21  Starport  
  156  8:29  Missile Turret  
  156  8:30  Sensor Tower  
  157  8:38  Supply Depot  
  157  8:39  Command Center  
  155  8:43  Supply Depot  
  155  8:44  Missile Turret  
  155  8:47  Enhanced Shockwaves  
  155  8:50  Ghost  
  155  8:51  Missile Turret  
  155  8:53  Ghost  
  159  8:56  Ghost  
  161  9:05  Viking x2  
  161  9:07  Supply Depot  
  161  9:08  Viking  
  165  9:15  SCV x3  
  168  9:20  Supply Depot  
  168  9:26  Ghost x2  
  168  9:28  Marauder, Marine x2  
  168  9:29  Marine x2  
  177  9:39  Barracks  
  177  9:40  Barracks, Terran Ship Weapons Level 2  
  177  9:41  Barracks  
  177  9:46  Viking  
  177  9:47  Viking  
  177  9:52  Viking  
  183  9:56  Ghost  
  182  10:01  Marauder  
  182  10:02  Marine x2  
  182  10:03  Marine  
  182  10:06  Marine, Ghost  
  183  10:11  SCV x2  
  174  10:18  Viking x2  
  174  10:23  Viking  
  174  10:26  SCV x2  
  178  10:29  Barracks Reactor, Barracks Tech Lab x2  
  178  10:33  Refinery  
  178  10:37  Marauder, Marine  
  178  10:42  SCV  
  180  10:45  Planetary Fortress  
  180  10:48  Refinery, SCV  
  180  10:49  SCV, Marauder, Marine x2  
  188  10:50  Marauder  
  188  10:56  Marine  
  188  10:57  Marine  
  189  11:01  Marine x2  
  189  11:02  Marauder  
  194  11:15  Marine  
  195  11:25  Supply Depot, Sensor Tower  
  195  11:26  Marine  
  195  11:27  Command Center, Marauder  
  195  11:30  Marauder, Marine x2  
  200  11:41  Marine  
  200  11:43  Marine  
  200  11:44  Marauder  
  200  11:46  Liberator  
  196  11:47  Liberator  
  196  11:51  Marine  
  189  11:59  Marine  
  189  12:00  Marauder  
  172  12:02  Marauder, Marine  
  172  12:06  Marine  
  161  12:11  Marine  
  161  12:15  Supply Depot  
  150  12:17  Supply Depot x2  
  150  12:19  Supply Depot x2  
  150  12:21  Supply Depot  
  85  13:29  Supply Depot  
  85  13:30  Barracks  
  85  13:31  Supply Depot x2, Barracks  
  85  13:32  Supply Depot x2  
Tags
 
Add a new tag
Caveats
  • Supply blocks, unpowered buildings, or Contaminate may cause inaccurate times.
  • Supply counts are checked every 10 seconds.